[Event "*** Titled Tuesday Blitz"]
[Site "Chess.com"]
[Date "2018.12.04"]
[Round "1"]
[White "kacprekt"]
[Black "GukeshDommaraju"]
[Result "1-0"]
[WhiteElo "2397"]
[BlackElo "2693"]
[TimeControl "180+2"]
[EndTime "13:09:05 PST"]
[Termination "kacprekt won by resignation"]

1. d4 Nf6 2. c4 g6 3. Nc3 Bg7 4. e4 d6 5. Be2 O-O 6. Nf3 Na6 7.
O-O e5 8. Be3 c6 9. d5 Ng4 10. Bg5 f6 11. Bh4 g5 12. Bg3 h5 13.
Nd2 cxd5 14. Nxd5 Nc5 15. h3 Nh6 16. Bxh5 f5 17. f3 Be6 18. Bf2 Nd3 19. Qc2 Nxf2 20. Rxf2 g4 21. fxg4 fxg4 22. Rxf8+ Bxf8 23. Bxg4 Bxg4 24. hxg4 Nxg4 25. Nf3 Rc8 26. Qe2 Bg7 27. b3 b5 28.
cxb5 Rc5 29. a4 Rxd5 30. exd5 Qb6+ 31. Kh1 e4 32. Rf1 exf3 33. Qe8+ Kh7 34. Qe4+ Kh8 35. Qxg4 f2 36. Qh4+ Kg8 37. Qxf2 Qd8 38. Qf7+ Kh8 39.
Rf3 Qg5 40. Rh3+ Bh6 41. Qf8+ Kh7 42. Rxh6+ Qxh6+ 43. Qxh6+ Kxh6 44. Kh2 Kg5 45. g3 Kf5 46.
Kh3 Ke5 47. Kh4 Kxd5 48. g4 Ke6 49. g5 d5 50. Kg4 Ke5 51. g6 Kf6 52. Kf4 Kxg6 53.
Ke5 Kf7 54. Kxd5 Ke7 55. Kc6 Kd8 56. Kb7 1-0

[Event "*** Titled Tuesday Blitz"]
[Site "Chess.com"]
[Date "2018.12.04"]
[Round "1"]
[White "josmito10"]
[Black "Berardino"]
[Result "0-1"]
[WhiteElo "2691"]
[BlackElo "2391"]
[TimeControl "180+2"]
[EndTime "13:09:06 PST"]
[Termination "Berardino won by checkmate"]

1. d4 Nf6 2. c4 g6 3. Nc3 Bg7 4. e4 d6 5. Nf3 O-O 6. Be2 e5 7.
Be3 Nbd7 8. O-O Re8 9. Qc2 exd4 10. Nxd4 Nc5 11. f3 a5 12. Rad1 c6 13. Nxc6 bxc6 14.
Bxc5 dxc5 15. Rxd8 Rxd8 16. Rd1 Nd7 17. f4 Bd4+ 18. Kh1 Rb8 19. g3 Re8 20. Kg2 Nf6 21.
Bf3 Ng4 22. Bxg4 Bxg4 23. Re1 h5 24. h3 Bd7 25. b3 Rbd8 26. Ne2 Bc8 27. Nxd4 cxd4 28.
Qd3 c5 29. Kf2 Bxh3 30. f5 Bg4 31. f6 Re5 32. Qd2 Rd6 33. Qf4 Rde6 34. Kg2 g5 35. Qf2 Rxe4 36. Rxe4 Rxe4 37. Kg1 Kh7 38. Qc2 Bf5 39.
Qd2 Kg6 40. Qxa5 d3 41. Qd8 Rd4 42. Qh8 Be6 43. Qg7+ Kf5 44. g4+ Kxg4 45. Qf8 d2 46. Qxc5 d1=Q+ 47. Kf2 Qf3+ 48. Kg1 Rd1+ 49. Kh2 Rh1# 0-1

[Event "*** Titled Tuesday Blitz"]
[Site "Chess.com"]
[Date "2018.12.04"]
[Round "1"]
[White "Durarbayli"]
[Black "ajkom197"]
[Result "1-0"]
[WhiteElo "2703"]
[BlackElo "2372"]
[TimeControl "180+2"]
[EndTime "13:09:07 PST"]
[Termination "Durarbayli won by resignation"]

1. e4 e6 2. d4 d5 3. e5 c5 4.
c3 Nc6 5. Nf3 cxd4 6. cxd4 Bd7 7. Nc3 a6 8. Bd3 Nge7 9. O-O b5 10. a3 Nc8 11. Be3 Nb6 12. Ng5 h6 13. Qh5 hxg5 14. Qxh8 Qc7 15. Qh5 g6 16. Qxg5 Be7 17. Qf4 g5 18.
Qf3 O-O-O 19. Qxf7 Rf8 20. Qg7 Qd8 21. Bh7 Nc4 22.
b3 N4a5 23. Rab1 Be8 24. Bg6 Bd7 25. Bf7 Bxa3 26. f4 gxf4 27. Rxf4 Bb4 28. Ne2 Qe7 29.
Ng3 Nd8 30. Rbf1 Nxb3 31. R4f2 a5 32. Bg5 Rxf7 33. Rxf7 Qe8 34. Bxd8 Qxd8 35. Rf8 Be8 36. Qa7 Bxf8 37. Rxf8 a4 38. Qa8+ Kd7 39. Qb7+ Qc7 40. Qxb5+ Qc6 41. Qxc6+ Kxc6 42. Rxe8 a3 43. Ra8 Nxd4 44.
Rxa3 Kb5 45. h4 Kb4 46. Ra8 Nc6 47. h5 Nxe5 48. h6 d4 49. h7 d3 50. h8=Q d2 51. Rd8 d1=Q+ 52. Rxd1 Nc4 53. Qd4 e5 54. Rb1+ 1-0

[Event "*** Titled Tuesday Blitz"]
[Site "Chess.com"]
[Date "2018.12.04"]
[Round "1"]
[White "goingin33"]
[Black "PchelkinVK"]
[Result "0-1"]
[WhiteElo "2194"]
[BlackElo "2562"]
[TimeControl "180+2"]
[EndTime "13:09:12 PST"]
[Termination "PchelkinVK won by checkmate"]

1. e4 e6 2. d4 d5 3. Nc3 Nf6 4. exd5 exd5 5. Bd3 Nc6 6. Nge2 a6 7. Bg5 Be7 8. Qd2 h6 9. Bh4 Be6 10. O-O Qd7 11.
a3 Bf5 12. Nd1 O-O 13. Ne3 Ne4 14. Bxe4 Bxe4 15. Bxe7 Nxe7 16. Ng3 Bg6 17. f4 Be4 18. Nxe4 dxe4 19. c4 Rad8 20. Rad1 Rfe8 21. f5 Nc6 22. f6 Qxd4 23. Qf2 Qxf6 24. Qxf6 gxf6 25.
Nd5 Kg7 26. Nxf6 Re5 27. Nd5 Ne7 28. Nxc7 Rxd1 29. Rxd1 e3 30. Nd5 Nxd5 31. cxd5 Kf8 32.
d6 Ke8 33. g3 Kd7 34. Kg2 e2 35. Re1 Kxd6 36. Kf2 Kd5 37. Rxe2 Rxe2+ 38. Kxe2 Kc4 39. Kd2 Kb3 40. Kc1 h5 41. h3 f5 42. h4 Kc4 43.
Kd2 Kd4 44. Ke2 Ke4 45. Kf2 f4 46. Kg2 fxg3 47. Kxg3 Ke3 48. a4 a5 49. b3 b6 50. Kh3 Kf3 51. Kh2 Kg4 52. Kg2 Kxh4 53. Kf3 Kg5 54. Ke4 h4 55. Kd5 h3 56. Kc6 h2 57. Kxb6 h1=Q 58. Kxa5 Qb7 59. b4 Kf5 60.
b5 Ke5 61. b6 Kd5 62. Kb5 Qd7+ 63. Ka6 Kc6 64. a5 Qb7# 0-1

[Event "*** Titled Tuesday Blitz"]
[Site "Chess.com"]
[Date "2018.12.04"]
[Round "1"]
[White "GrigorGrigorov"]
[Black "Vamostodorecto"]
[Result "1-0"]
[WhiteElo "2809"]
[BlackElo "2423"]
[TimeControl "180+2"]
[EndTime "13:09:17 PST"]
[Termination "GrigorGrigorov won by resignation"]

1. d4 d5 2. c4 dxc4 3. e3 e5 4. Bxc4 exd4 5. exd4 Bd6 6. Nf3 Nf6 7. Qe2+ Qe7 8.
Qxe7+ Bxe7 9. O-O O-O 10. Nc3 Nbd7 11. h3 Nb6 12. Bb3 c6 13. Re1 Bb4 14. a3 Bxc3 15. bxc3 Bf5 16. a4 Be4 17. Ba3 Rfe8 18. Ne5 Bd5 19. c4 Be6 20. a5 Nbd7 21. a6 b5 22. Nxd7 Nxd7 23. d5 cxd5 24. cxd5 Bf5 25. Rxe8+ Rxe8 26. Rc1 b4 27. Bxb4 Rb8 28. Bd6 Rd8 29. g4 Bd3 30. Bc7 Rc8 31. d6 Bxa6 32. Ba4 Nf6 33. d7 Nxd7 34. Bxd7 Rf8 35. Ra1 Bc8 36. Bxc8 Rxc8 37. Rxa7 h6 38. Rb7 Re8 39. Rb8 Rxb8 40. Bxb8 Kh7 41. Kg2 Kg6 42. Kg3 f5 43. Be5 fxg4 44.
hxg4 Kf7 45. f4 Kg6 46. f5+ Kf7 47. Kh4 Kg8 48. Kh5 Kf7 49. Bc3 Kg8 50. Kg6 1-0

[Event "*** Titled Tuesday Blitz"]
[Site "Chess.com"]
[Date "2018.12.04"]
[Round "1"]
[White "realcontender"]
[Black "xamax2000"]
[Result "1/2-1/2"]
[WhiteElo "2097"]
[BlackElo "2488"]
[TimeControl "180+2"]
[EndTime "13:09:27 PST"]
[Termination "Game drawn by agreement"]

1. d4 Nf6 2. c4 g6 3. Nc3 Bg7 4.
e4 d6 5. Nf3 O-O 6. Be2 Na6 7.
O-O e5 8. Bg5 h6 9. Bh4 c6 10.
Re1 Qe8 11. Bg3 Nh5 12. dxe5 Nxg3 13. hxg3 dxe5 14. Qd6 Qe6 15. Red1 Re8 16. c5 Nb8 17. b4 Nd7 18. Qxe6 Rxe6 19. Bc4 Re7 20. Rd6 a5 21. b5 Nxc5 22. bxc6 bxc6 23. Rxc6 Ne6 24. Nd5 Re8 25.
Nb6 Rb8 26. Nxc8 Rbxc8 27. Rxc8 Rxc8 28. Bxe6 fxe6 29. Rb1 Rc4 30. Rb5 Ra4 31. Rb2 Rxe4 32. Rb5 Ra4 33. Nxe5 Rxa2 34. Nxg6 Bd4 35. Nf4 e5 36.
Nd3 e4 37. Nf4 Rxf2 38. Kh2 Ra2 39. Ne6 Bf2 40. Re5 e3 41. Nf4 a4 42. Nd5 e2 43.
Nc3 e1=Q 44. Rxe1 Bxe1 45. Nxa2 Kf7 46. Kh3 Kg6 47. Kg4 h5+ 48. Kh4 Bd2 49. g4 Bg5+ 50.
Kh3 h4 51. g3 hxg3 52. Kxg3 Kf6 53. Kf3 Ke6 54. Ke4 Kd6 55. Kd4 Kc6 56. Kc4 Kd6 57. Kb4 Ke5 58. Kxa4 Kf4 59. Kb3 Kxg4 60. Nc3 Be3 61.
Nd5 1/2-1/2

[Event "*** Titled Tuesday Blitz"]
[Site "Chess.com"]
[Date "2018.12.04"]
[Round "1"]
[White "aa175"]
[Black "jocmil"]
[Result "0-1"]
[WhiteElo "1920"]
[BlackElo "2480"]
[TimeControl "180+2"]
[EndTime "13:09:31 PST"]
[Termination "jocmil won by checkmate"]

1. d4 Nf6 2. c4 g6 3. f3 Bg7 4. e4 O-O 5. Nc3 d6 6. Be3 c5 7. Nge2 Nc6 8. g4 cxd4 9. Nxd4 Bd7 10. h4 h5 11. g5 Ne8 12. Nxc6 bxc6 13. Bd4 Qa5 14.
Bxg7 Nxg7 15. Bg2 Ne6 16. Qd2 Qe5 17. Ne2 Rab8 18. O-O-O Qc5 19. Qc3 Qf2 20. Bh3 Qxe2 21. Rd2 Qxd2+ 22. Qxd2 Nc5 23. Bxd7 Nxd7 24. f4 Nc5 25. Re1 Rb4 26. Qc3 Rfb8 27. Re2 a5 28. f5 Na4 29. Qc2 Nxb2 30. Qxb2 Rxc4+ 31. Qc2 Rxc2+ 32. Rxc2 c5 33. f6 Kf8 34. e5 Rb6 35. exd6 Rxd6 36.
fxe7+ Kxe7 37. Rc4 Rc6 38. Re4+ Kd6 39. Rf4 Ke7 40. Re4+ Re6 41. Kc2 Rxe4 42. Kc3 Rb4 43.
Kd3 Ke6 44. Kd2 Kd5 45. a3 c4 46. Kc3 Rb3+ 47. Kc2 Rxa3 48. Kb2 Rb3+ 49. Kc1 a4 50. Kc2 Kd4 51. Kc1 c3 52. Kc2 Kc4 53. Kd1 Kd3 54. Ke1 a3 55. Kf2 a2 56. Kf3 a1=Q 57. Kf4 Qf1+ 58.
Ke5 Qf5+ 59. Kd6 Qe6+ 60. Kc7 c2 61. Kd8 Rb8+ 62. Kc7 c1=Q+ 63. Kxb8 Qec8+ 64. Ka7 Q1c5# 0-1

[Event "*** Titled Tuesday Blitz"]
[Site "Chess.com"]
[Date "2018.12.04"]
[Round "1"]
[White "Fins0905"]
[Black "leclash"]
[Result "1/2-1/2"]
[WhiteElo "2652"]
[BlackElo "2358"]
[TimeControl "180+2"]
[EndTime "13:09:44 PST"]
[Termination "Game drawn by agreement"]

1. d4 d5 2. c4 e6 3. Nc3 c6 4.
cxd5 exd5 5. Qc2 Nf6 6. Bg5 Be7 7. e3 Nbd7 8. Bd3 Nh5 9. Bxe7 Qxe7 10. Nge2 Nb6 11. O-O g6 12. Rab1 a5 13. a3 a4 14.
b4 axb3 15. Rxb3 Nc4 16. a4 Nd6 17. Rfb1 Ng7 18. h3 O-O 19. Ng3 h5 20. Rb6 h4 21.
Nf1 Bf5 22. Nd2 Ra7 23. Bxf5 Ngxf5 24. Qb2 Re8 25. Qb4 Nxe3 26. Re1 Qg5 27. fxe3 Rxe3 28. Nf3 Rxe1+ 29. Nxe1 Qe3+ 30. Kf1 Nf5 31. Ne2 Ng3+ 32.
Nxg3 hxg3 33. Qb2 Rxa4 34. Rb3 Qxd4 35. Qxd4 Rxd4 36. Rxb7 f5 37. Nf3 Rc4 38. Rb2 c5 39. Ke2 d4 40. Ne5 Rc3 41. Nxg6 Re3+ 42. Kf1 Kf7 43.
Nf4 Ra3 44. Rc2 d3 45. Nxd3 Rxd3 46. Rxc5 Kf6 47. Ra5 Rd2 48. Rb5 Rf2+ 49. Kg1 Rc2 50.
Kf1 Kg5 51. Rb4 Rf2+ 52. Kg1 Rc2 53. Kf1 1/2-1/2

[Event "*** Titled Tuesday Blitz"]
[Site "Chess.com"]
[Date "2018.12.04"]
[Round "1"]
[White "Anar_Aliakbarov"]
[Black "WPWPWP-2015"]
[Result "0-1"]
[WhiteElo "2570"]
[BlackElo "2264"]
[TimeControl "180+2"]
[EndTime "13:09:44 PST"]
[Termination "WPWPWP-2015 won by resignation"]

1. d4 d5 2. c4 c6 3. Nf3 Nf6 4. e3 e6 5. b3 Nbd7 6. Bb2 Bd6 7. Nbd2 O-O 8. Bd3 Qc7 9. c5 Be7 10. b4 a5 11. a3 b6 12. O-O g6 13. Qc2 Ba6 14. Bxa6 Rxa6 15. Rfc1 Rfa8 16. b5 cxb5 17. c6 Nf8 18. e4 b4 19. a4 Rd8 20. Qd3 Raa8 21.
Rc2 h5 22. Rac1 N8h7 23. Ne5 Bf8 24. f3 Bh6 25. Re1 dxe4 26. Nxe4 Nxe4 27. Qxe4 Nf6 28. Qe2 Nd5 29. Qe4 Rac8 30. g3 Bg7 31. Rec1 Qe7 32.
f4 Rc7 33. Qe2 Nf6 34. Qb5 Nd5 35. Kf2 Qf6 36. Nd7 Qf5 37. Nxb6 Qe4 38. Nxd5 exd5 39. Qe2 Bxd4+ 40. Bxd4 Qxd4+ 41. Qe3 Qf6 42. Qb6 Rdc8 43. Qxa5 b3 44. Re2 Rxc6 45. Rce1 Rc2 46. Qb4 b2 47. Kf1 Kg7 48. Rxc2 Rxc2 49. a5 Qf5 50. Qd4+ Kh7 51. Kg1 Qh3 52. Qf2 Rxf2 53. Kxf2 Qxh2+ 54. Kf3 Qd2 55. Rb1 Qxa5 56. Rxb2 Qc3+ 0-1

[Event "*** Titled Tuesday Blitz"]
[Site "Chess.com"]
[Date "2018.12.04"]
[Round "1"]
[White "hansen"]
[Black "wadsy27"]
[Result "1/2-1/2"]
[WhiteElo "2789"]
[BlackElo "2419"]
[TimeControl "180+2"]
[EndTime "13:09:45 PST"]
[Termination "Game drawn - insufficient material"]

1. e4 c5 2. Nf3 e6 3. d4 cxd4 4. Nxd4 Nc6 5. Nc3 Qc7 6. Be3 Nf6 7. f4 Nxd4 8. Qxd4 a6 9. e5 Ng8 10. O-O-O Ne7 11. Bd3 Nc6 12. Qb6 Qxb6 13. Bxb6 f5 14. Be2 Be7 15. Bf3 g5 16. g3 h5 17. h4 gxh4 18. gxh4 Kf7 19. Ne2 a5 20. Ng3 Ra6 21.
Bc7 b5 22. Bxh5+ Kf8 23. Bd6 Bxd6 24. Rxd6 Ke7 25. Bg6 Nb4 26. a3 Nd5 27. Rxa6 Bxa6 28. h5 Nxf4 29. Kd2 Bb7 30. Rg1 Kf8 31. Ne2 Nxh5 32.
b4 a4 33. Ke3 Ng7 34. Rg3 Ne8 35. Nd4 Bc6 36. Rg1 Nc7 37. Nxc6 dxc6 38. Kd4 Rh4+ 39. Kc5 Nd5 40. Kd6 Nf4 41. Rg3 Rh2 42. c3 Ra2 43. Kxc6 Rxa3 44. Kxb5 Nxg6 45. Rxg6 Rxc3 46. Rxe6 a3 47.
Rf6+ Ke7 48. Rxf5 Ke6 49. Rf1 Kxe5 50. Kb6 a2 51. Ra1 Ra3 52. Kc5 Ke4 53. b5 Ra8 54.
Kc4 Ke5 55. Kb3 Kd6 56. Rxa2 Rxa2 57. Kxa2 Kc5 58. Kb3 Kxb5 1/2-1/2

[Event "*** Titled Tuesday Blitz"]
[Site "Chess.com"]
[Date "2018.12.04"]
[Round "1"]
[White "Slovak_fighter2000"]
[Black "Bigfish1995"]
[Result "0-1"]
[WhiteElo "2472"]
[BlackElo "3016"]
[TimeControl "180+2"]
[EndTime "13:09:59 PST"]
[Termination "Bigfish1995 won by resignation"]

1. d4 Nf6 2. Nf3 g6 3. Bf4 Bg7 4. e3 O-O 5. h3 b6 6. Be2 Bb7 7. O-O c5 8. c3 d6 9. a4 a6 10.
Nbd2 Nbd7 11. Qb3 Ra7 12. Rfc1 Bd5 13. Qd1 Qa8 14. Bc4 Rb8 15. Bxd5 Nxd5 16. Bg5 h6 17. Bh4 N7f6 18. Bxf6 Nxf6 19. b4 Nd5 20. Qb3 Rc7 21.
Rab1 Rbc8 22. bxc5 bxc5 23. Qb2 cxd4 24. cxd4 Nc3 25.
Rxc3 Rxc3 26. Qb6 Rc1+ 27. Rxc1 Rxc1+ 28. Kh2 Bf6 29. e4 Rc6 30. Qb3 e6 31. Nc4 Qc8 32. Ne3 Qc7 33. g3 Rc1 34. Ng4 Bg7 35. Qe3 Qc3 36. Qf4 g5 37. Nf6+ Bxf6 38. Qxf6 Qa1 39. g4 Rh1+ 40. Kg3 Qc1 41. Qd8+ Kg7 42. Qxd6 Qf4+ 43.
Qxf4 gxf4+ 44. Kxf4 Ra1 45. Ke5 Rxa4 46. d5 exd5 47.
exd5 Kf8 48. Kd6 Rf4 49. Ne5 a5 50. Kc7 a4 51. d6 a3 52. Nc6 Rxf2 53. d7 Rd2 54.
Nb4 Ke7 55. Nc6+ Ke6 56. d8=Q Rxd8 57. Nxd8+ Kf6 58. Nc6 a2 0-1

[Event "*** Titled Tuesday Blitz"]
[Site "Chess.com"]
[Date "2018.12.04"]
[Round "1"]
[White "Sigurbjorn"]
[Black "Wolverine_master"]
[Result "1/2-1/2"]
[WhiteElo "2499"]
[BlackElo "2124"]
[TimeControl "180+2"]
[EndTime "13:10:01 PST"]
[Termination "Game drawn by repetition"]

1. e4 d5 2. exd5 Qxd5 3. Nc3 Qd6 4. d4 Nf6 5. Bc4 a6 6. Nf3 b5 7.
Bb3 Bb7 8. O-O e6 9. Be3 Be7 10.
a4 b4 11. Nb1 a5 12. Nbd2 O-O 13. Nc4 Qd8 14. Nce5 Nbd7 15. c3 Nxe5 16. Nxe5 Nd5 17. Qd3 bxc3 18. bxc3 Ba6 19. Bc4 Qc8 20. Nc6 Bd6 21.
Bb5 Ne7 22. c4 Nxc6 23. Bxc6 Rb8 24. Rab1 Rb4 25. Bb5 c6 26. Bxa6 Qxa6 27. Rxb4 axb4 28. Qb3 Rb8 29. Ra1 Qa5 30. g3 c5 31. dxc5 Bxc5 32. Bxc5 Qxc5 33. a5 h6 34. a6 Ra8 35. Ra4 Qb6 36.
Rxb4 Qxa6 37. c5 Rc8 38. Rb8 Qa1+ 39. Kg2 Rxb8 40. Qxb8+ Kh7 41. Qd6 h5 42. c6 h4 43.
c7 Qa8+ 44. f3 h3+ 45. Kxh3 Qxf3 46. Qf4 Qc6 47. Qh4+ Kg6 48. Qg4+ Kf6 49. Qd4+ Kg6 50. Qd3+ f5 51. Qd8 Qf3 52. Qe8+ Kh7 53. Qxe6 Qf1+ 54. Kh4 Qc1 55. Qxf5+ g6 56. Qd7+ Kh6 57. c8=Q Qg5+ 58. Kh3 Qh5+ 59. Kg2 Qe2+ 60. Kg1 Qe1+ 61. Kg2 Qe2+ 62.
Kh3 Qh5+ 63. Kg2 Qe2+ 64. Kh3 Qh5+ 65. Kg2 1/2-1/2

[Event "*** Titled Tuesday Blitz"]
[Site "Chess.com"]
[Date "2018.12.04"]
[Round "1"]
[White "DiogenesSinopeus"]
[Black "David_Paravyan"]
[Result "0-1"]
[WhiteElo "2431"]
[BlackElo "2831"]
[TimeControl "180+2"]
[EndTime "13:10:05 PST"]
[Termination "David_Paravyan won by resignation"]

1. d4 d5 2. c4 c6 3. Nc3 Nf6 4. e3 Bf5 5. cxd5 cxd5 6. Qb3 Bc8 7. Bb5+ Bd7 8. Bxd7+ Qxd7 9. Nf3 e6 10. Ne5 Qc8 11. Bd2 Nc6 12. Rc1 Be7 13. O-O O-O 14. Na4 Ne4 15. Rfd1 Rb8 16. Be1 Nd6 17. Qd3 Qe8 18.
Nxc6 bxc6 19. b3 Nb5 20. Ba5 Rc8 21. Rc2 Bd6 22. Qd2 e5 23. Bb4 Qe7 24. Bxd6 Nxd6 25. f3 Rfe8 26. Rdc1 Nf5 27. Nc5 h5 28. Qf2 g6 29. h3 h4 30. Rd2 Kg7 31. Rdd1 Qg5 32. Re1 exd4 33. exd4 Qf4 34. Nd7 Qxd4 35. Qxd4+ Nxd4 36.
Kf2 Rxe1 37. Rxe1 Ne6 38. Rc1 c5 39. Ke3 f6 40. b4 c4 41. a4 Rc7 42. Nc5 Nxc5 43. bxc5 Rxc5 44. Kd4 Ra5 45. Rb1 g5 46. Rb7+ Kg6 47. Rb4 Kf5 48. Rb8 Kf4 49. Rf8 f5 50.
Rf7 a6 51. Rf6 Rxa4 52. Kxd5 Ra2 53. Rc6 Rxg2 54. Rxc4+ Kxf3 55. Ke5 f4 56. Rc3+ Kf2 57. Kf5 Rg3 58. Rc2+ Kg1 59. Ke4 f3 60. Ra2 f2 0-1

[Event "*** Titled Tuesday Blitz"]
[Site "Chess.com"]
[Date "2018.12.04"]
[Round "1"]
[White "David_Klein"]
[Black "Jenia84"]
[Result "1-0"]
[WhiteElo "2566"]
[BlackElo "2217"]
[TimeControl "180+2"]
[EndTime "13:10:05 PST"]
[Termination "David_Klein won by checkmate"]

1. e4 c5 2. Nf3 Nc6 3. Bb5 g6 4.
O-O Bg7 5. Re1 Nf6 6. e5 Nd5 7. Nc3 Nc7 8. Bxc6 dxc6 9. Ne4 b6 10. d3 O-O 11. h3 Be6 12. Bg5 Bd5 13. Qe2 Ne6 14. Be3 Bxe4 15. dxe4 Qc7 16. c3 Bxe5 17. Nxe5 Qxe5 18. Qg4 h5 19. Qh4 Qf6 20. Qg3 Rfd8 21. f4 Rd3 22. f5 Ng7 23. Rf1 h4 24. Qf2 gxf5 25. Qe2 Rad8 26. exf5 Qe5 27. Rae1 Qe4 28. Bg5 Qxe2 29. Rxe2 f6 30. Bxh4 R8d7 31. Rff2 Kf7 32. Kh2 b5 33. g4 b4 34. c4 b3 35. axb3 Rxb3 36. Bg3 Rd4 37. Rc2 Rdd3 38. Rg2 Ne8 39. Rcd2 Nd6 40. Rxd3 Rxd3 41. Rc2 Ne4 42. Be1 Re3 43.
Bf2 Nxf2 44. Rxf2 a5 45. Kg2 a4 46. Rd2 Re4 47. Rc2 Re3 48. h4 Kg7 49. Rd2 Kf7 50. Rc2 Kg7 51. Rf2 Re4 52. Kf3 Rxc4 53. Re2 Kf7 54. g5 Rb4 55. g6+ Kf8 56. Kg3 c4 57. h5 c3 58. bxc3 Rc4 59. h6 Rxc3+ 60. Kg4 Rc4+ 61.
Kh5 Rc1 62. g7+ Kg8 63. Rxe7 Rh1+ 64. Kg6 Rg1+ 65. Kxf6 Kh7 66. Re8 a3 67. Rh8# 1-0

[Event "*** Titled Tuesday Blitz"]
[Site "Chess.com"]
[Date "2018.12.04"]
[Round "1"]
[White "kirillgenius"]
[Black "BlackBoarder"]
[Result "1-0"]
[WhiteElo "2151"]
[BlackElo "2507"]
[TimeControl "180+2"]
[EndTime "13:10:05 PST"]
[Termination "kirillgenius won by resignation"]

1. e4 e6 2. d4 d5 3. Nd2 c5 4. exd5 Qxd5 5. Ngf3 cxd4 6. Bc4 Qd6 7. O-O Nf6 8. Nb3 Nc6 9. Nbxd4 Nxd4 10. Nxd4 a6 11. Bb3 Bd7 12. c3 Qc7 13. Qf3 Bd6 14. h3 O-O-O 15. Bg5 Be5 16. Rfd1 h6 17. Be3 Rhg8 18. c4 g5 19. Qe2 g4 20. h4 g3 21. f3 Nh5 22. c5 Bc6 23. Nxc6 Qxc6 24. Bxh6 Bd4+ 25.
Be3 Nf4 26. Qe1 e5 27. Rxd4 exd4 28. Bxf4 d3 29. Bxf7 Rgf8 30. Be6+ Rd7 31. Bxd7+ Kxd7 32. Rd1 Qxc5+ 33. Be3 Qf5 34. Qd2 Ke6 35. Qxd3 Qxd3 36. Rxd3 Kf5 37. Kf1 Rc8 38. Ke2 Rc2+ 39. Rd2 Rc4 40.
h5 Rh4 41. Rd5+ Ke6 42. Rd4 Rh2 43. Re4+ Kd5 44. Kf1 Rh1+ 45. Bg1 Rxh5 46. Rg4 Kc6 47. Rxg3 Rd5 48. Bf2 Rd2 49. Be1 Rxb2 50. Rg6+ Kd5 51. g4 Rxa2 52. Rf6 b5 53. g5 Ke5 54. Rf8 Ra3 55.
g6 Rxf3+ 56. Rxf3 1-0

[Event "*** Titled Tuesday Blitz"]
[Site "Chess.com"]
[Date "2018.12.04"]
[Round "1"]
[White "zeitnot2006"]
[Black "SanchezKelvin"]
[Result "1/2-1/2"]
[WhiteElo "2100"]
[BlackElo "2494"]
[TimeControl "180+2"]
[EndTime "13:10:07 PST"]
[Termination "Game drawn by repetition"]

1. d4 Nf6 2. c4 g6 3. g3 Bg7 4.
Bg2 O-O 5. Nc3 c5 6. d5 e6 7. Nf3 exd5 8. cxd5 d6 9. O-O Re8 10. h3 Na6 11. Nd2 Nc7 12. a4 b6 13. Re1 a6 14.
Nc4 Rb8 15. Bf4 Bf8 16. e4 Nh5 17. Be3 Bd7 18. Qd2 b5 19. axb5 axb5 20. Na5 b4 21. Ne2 Bb5 22. Kh2 Ra8 23. Nc6 Qd7 24. Na7 Nf6 25.
Nxb5 Nxb5 26. f3 Qb7 27. Nf4 Nd7 28. Nd3 Bg7 29. Qc2 Rxa1 30. Rxa1 Rc8 31. Ra4 Nb6 32.
Ra5 Nc7 33. b3 Ra8 34. Qa2 Rxa5 35. Qxa5 Qa6 36. Qxa6 Nxa6 37. Bf1 Nd7 38. f4 Nc7 39. Nf2 Bc3 40. Nd1 Bg7 41. Bd3 h5 42. Bd2 Nf6 43. Kg2 Bh6 44. Kf3 Bg7 45. Nf2 Nd7 46. Nd1 Nb6 47. Ne3 Ne8 48. Nc4 Nxc4 49. Bxc4 Nc7 50. Bd3 Kf8 51. g4 hxg4+ 52. hxg4 Ke7 53. Be1 Bf6 54.
Bd2 Bd4 55. Be1 Bf6 56. Bg3 Kd7 57. Bc4 Bd4 58. e5 Bc3 59. Ke4 Ke7 60. Bh4+ Kd7 61. Bg3 Ke7 62. Bh4+ Kd7 63. Bg3 1/2-1/2

[Event "*** Titled Tuesday Blitz"]
[Site "Chess.com"]
[Date "2018.12.04"]
[Round "1"]
[White "severomorskij"]
[Black "Orest_Vovk"]
[Result "1-0"]
[WhiteElo "2744"]
[BlackElo "2399"]
[TimeControl "180+2"]
[EndTime "13:10:11 PST"]
[Termination "severomorskij won by resignation"]

1. d4 h6 2. e4 g5 3. Nc3 Bg7 4.
h4 g4 5. Be3 d6 6. Qd2 Nf6 7.
O-O-O c6 8. Bd3 Qa5 9. Kb1 Be6 10. Nge2 Nh5 11. d5 cxd5 12. exd5 Bxd5 13. Nxd5 Qxd5 14.
Bd4 Bxd4 15. Nxd4 Nc6 16. Nxc6 bxc6 17. Rhe1 Nf6 18. Qc3 Kf8 19. Be4 Qe5 20. Qxe5 dxe5 21. Bxc6 Rc8 22. Ba4 Rc5 23. b4 Rc4 24. a3 e4 25. Bb3 Rc7 26. c4 Kg7 27. Kb2 Rb8 28. c5 e6 29. Rd4 a5 30. Red1 Rcb7 31. Kc3 axb4+ 32. axb4 Rc7 33. Bc4 e5 34. Rd8 Rbb7 35. Bd5 Ra7 36. Kc4 Ra2 37. Kb5 Rxf2 38. Kb6 Re7 39.
c6 Rc2 40. b5 e3 41. Bb3 Rc3 42. Ba2 e2 43. Re1 Rc2 44. Bb1 Rb2 45. c7 Re6+ 46. Ka7 Rxb5 47. c8=Q Ra5+ 48. Kb7 Rb5+ 49. Kc7 Rc5+ 50.
Kb8 Rb6+ 51. Ka7 Rxc8 52. Rxc8 Rb2 53. Rc2 Rb4 54. Rcxe2 Nd7 55. Bf5 Nb8 56. Be4 f5 57.
Bb7 Nd7 58. Rc2 Kf6 59. Rc6+ Ke7 60. Rxh6 Nc5 61. Rxe5+ Kf7 62. Rxc5 Kg7 63. Rd6 Rc4 64. Rxc4 1-0

[Event "*** Titled Tuesday Blitz"]
[Site "Chess.com"]
[Date "2018.12.04"]
[Round "1"]
[White "Caminator2000"]
[Black "Vuk2000"]
[Result "1/2-1/2"]
[WhiteElo "2351"]
[BlackElo "2651"]
[TimeControl "180+2"]
[EndTime "13:10:13 PST"]
[Termination "Game drawn by agreement"]

1. Nf3 Nf6 2. c4 e6 3. g3 d5 4. d4 Be7 5. Bg2 O-O 6. O-O dxc4 7. Qc2 a6 8. a4 Bd7 9. Nc3 Bc6 10. Rd1 Nd5 11. e4 Nb4 12. Qe2 Nd3 13. Be3 b5 14. d5 exd5 15. exd5 Bb7 16. axb5 axb5 17. Rxa8 Bxa8 18.
Nxb5 Bxd5 19. b3 c6 20. Nc3 Bf6 21. Nxd5 cxd5 22. bxc4 dxc4 23. Ne1 Qe7 24. Nxd3 cxd3 25. Qxd3 h6 26. h4 Qe6 27. Bd5 Qa6 28. Bc4 Qc8 29.
Rc1 Qg4 30. Rb1 Nd7 31. Qe2 Qh3 32. Qf1 Qg4 33. Qe2 Qe4 34. Bd3 Qd5 35. Rb5 Qc6 36.
Rf5 Ne5 37. Bf4 Nxd3 38. Qxd3 Ra8 39. Rd5 Ra1+ 40. Kh2 Ra2 41. Be3 Ra8 42. Qe4 Rc8 43.
Qd3 Qe6 44. Rd7 Re8 45. Qd5 h5 46. Qxe6 Rxe6 47. Kg2 g6 48. Kf3 Kg7 49. Rb7 Rc6 50. Rb5 Rc3 51. Rc5 Rb3 52. Rc4 Kf8 53. Kg2 Rb2 54.
Rf4 Be5 55. Re4 Rb5 56. Rc4 f5 57. Rc5 Rxc5 58. Bxc5+ Kf7 59. Kf3 Ke6 60. Be3 Kd5 61. Bg5 Ke6 62. Be3 Bf6 63. Bf4 Kd5 64. Be3 Be5 65. Bg5 Bg7 66. Be3 Ke6 67. Bf4 Be5 68.
Be3 Kf6 69. Bg5+ Kf7 70. Be3 Bf6 71. Bf4 Ke6 1/2-1/2

[Event "*** Titled Tuesday Blitz"]
[Site "Chess.com"]
[Date "2018.12.04"]
[Round "1"]
[White "ohusbands"]
[Black "Karina_Oparina"]
[Result "0-1"]
[WhiteElo "2492"]
[BlackElo "2136"]
[TimeControl "180+2"]
[EndTime "13:10:21 PST"]
[Termination "Karina_Oparina won by resignation"]

1. e4 c6 2. d4 d5 3. e5 Bf5 4. Nc3 e6 5. g4 Bg6 6. Nge2 h6 7. Be3 Nd7 8. Nf4 Bh7 9. Bd3 Bxd3 10.
Qxd3 a6 11. O-O-O Ne7 12. h4 Qc7 13. g5 g6 14. gxh6 Bxh6 15. h5 Bxf4 16. Bxf4 gxh5 17. Bg5 Ng6 18. f4 Ndf8 19. Bf6 Rh7 20. Ne2 c5 21. f5 c4 22. Qf3 exf5 23. Nc3 Qc6 24. Nxd5 Ne6 25.
Bh4 Rh8 26. Nf6+ Kf8 27. d5 Nxe5 28. Qa3+ Qc5 29. dxe6 Qxa3 30. bxa3 fxe6 31. Rde1 Nf3 32. Rxe6 Nxh4 33. Rxh4 Kf7 34. Rb6 Rad8 35. Rxh5 Rxh5 36.
Nxh5 Rd7 37. Kb2 Ke7 38. Nf4 Kd8 39. Ne6+ Kc8 40. Kc3 Rd1 41. Kxc4 Ra1 42. Kb3 Rb1+ 43. Kc4 Rxb6 44. Nd4 Rf6 45. Kd3 f4 46. Ke4 Kd7 47.
Nf3 Kd6 48. c4 b6 49. Kd4 Rf8 50. a4 a5 51. a3 Rf7 52. Ke4 Rf6 53. Nd4 Kc5 54. Nf3 Kxc4 55. Ke5 Rf8 56. Kd6 Rf6+ 57. Ke5 Rf8 58. Kd6 Kb3 59. Kc6 Rf6+ 60. Kb5 Kxa3 61.
Ne5 Rf5 0-1